 Dungeon Crawl Stone Soup version 0.18.1-48-g4cf74bf (webtiles) character file.

64835 Iskender the Nimble (level 15, -7/100 HPs)
             Began as an Octopode Wanderer on Aug 25, 2016.
             Was an Initiate of Gozag.
             Killed by divine providence
             ... invoked by an orc priest
             ... led by an orc warlord
              (14 damage)
             ... on level 1 of the Orcish Mines.
             The game lasted 04:01:48 (24722 turns).

Iskender the Nimble (Octopode Wanderer)            Turns: 24722, Time: 04:01:48

Health: -7/100     AC:  1    Str: 12    XL:     15   Next: 14%
Magic:  23/38      EV: 28    Int: 21    God:    Gozag
Gold:   4284       SH:  7    Dex: 24    Spells: 6 memorised, 16 levels left

rFire  . . .     SeeInvis .     a - +2 whip (elec)
rCold  + . .     Gourm    .     F - +1 buckler
rNeg   + . .     Faith    .     (helmet restricted)
rPois  .         Spirit   .     A - amulet of dismissal
rElec  .         Dismiss  +     L - ring of protection from cold
rCorr  .         Reflect  .     I - +4 ring of intelligence
SustAt .         Harm     .     S - ring "Alebaquo" {Int+2 Dex+2 Stlth+}
MR     +....     Clarity  +     Q - ring of magical power
Stlth  ++++++++..               B - +5 ring of dexterity
                                x - ring of flight
                                R - ring of positive energy
                                (no ring)

@: very slightly contaminated, somewhat resistant to hostile enchantments,
extraordinarily stealthy
A: almost no armour, amphibious, 8 rings, constrict 8, tentacle spike 1,
camouflage 1, blurry vision 1, clarity, gelatinous body 1
a: Potion Petition, Call Merchant, Bribe Branch, Renounce Religion, Evoke Flight


You were on level 1 of the Orcish Mines.
You worshipped Gozag.
Gozag was noncommittal.
You were not hungry.

You visited 4 branches of the dungeon, and saw 22 of its levels.
You also visited: Ossuary.

You collected 7203 gold pieces.
You spent 1033 gold pieces at shops.
You paid 1886 gold pieces to Gozag.

Inventory:

Hand Weapons
 a - a +2 whip of electrocution (weapon)
 b - a +0 hunting sling
 v - the +7 blowgun "Yles" {evade, +Blink rElec MP+9}
   (You found it on level 5 of the Lair of Beasts)

   It affects your evasion (+5 to EV).
   It insulates you from electricity.
   It affects your magic capacity (+9).
   It lets you blink.
 X - the +9 rapier of the Lame Duck {drain, *Noise rElec rPois rC++ Str-3}
   (You found it on level 10 of the Dungeon)

   A truly terrible weapon, it drains the life of those it strikes.
   It affects your strength (-3).
   It greatly protects you from cold.
   It insulates you from electricity.
   It protects you from poison.
   It may make noises in combat.
Missiles
 y - 5 needles of sleeping
 J - 101 stones (quivered)
 M - 87 sling bullets
 U - 8 curare-tipped needles
Armour
 F - a +1 buckler (worn)
Magical Staves
 d - an uncursed staff of energy
 w - an uncursed staff of wizardry
Jewellery
 x - a ring of flight (on tentacle)
 A - an amulet of dismissal (around mantle)
 B - a +5 ring of dexterity (on tentacle)
 I - a +4 ring of intelligence (right tentacle)
 L - a ring of protection from cold (left tentacle)
 Q - a ring of magical power (on tentacle)
 R - a ring of positive energy (on tentacle)
 S - the ring "Alebaquo" (on tentacle) {Int+2 Dex+2 Stlth+}
   (You found it on level 7 of the Dungeon)

   [ring of stealth]

   It affects your intelligence (+2).
   It affects your dexterity (+2).
   It makes you more stealthy.
Wands
 e - a wand of digging (16/24)
 h - a wand of enslavement (12/24)
 q - a wand of iceblast (0/15)
 G - a wand of paralysis (8/24)
Scrolls
 j - 5 scrolls of fear
 k - a scroll of summoning
 l - 2 scrolls of recharging
 n - 3 scrolls of remove curse
 t - 5 scrolls of immolation
 D - a scroll of teleportation
 E - 4 scrolls of blinking
 N - a scroll of magic mapping
 T - a scroll of fog
Potions
 c - 3 potions of heal wounds
 i - 8 potions of curing
 o - a potion of brilliance
 p - a potion of haste
 r - 4 potions of ambrosia
 s - 4 potions of flight
 C - 3 potions of resistance
 O - 4 potions of agility
 V - 5 potions of might
 W - a potion of magic
Miscellaneous
 g - a fan of gales (inert)
 Z - a phial of floods
Comestibles
 f - 19 bread rations
 H - 7 meat rations
 P - 16 royal jellies


   Skills:
 - Level 8.7 Fighting
 - Level 12.0 Maces & Flails
 - Level 0.8(1.1) Slings
   Level 4.2 Bows
 - Level 1.0(1.1) Throwing
 + Level 14.3 Dodging
 - Level 11.3 Stealth
 - Level 4.6 Shields
 - Level 10.0 Spellcasting
 - Level 8.0 Charms
 - Level 1.1 Evocations


You had 16 spell levels left.
You knew the following spells:

 Your Spells              Type           Power        Failure   Level  Hunger
a - Call Imp              Summ           ##......     12%         2    None
d - Conjure Flame         Conj/Fire      ##......     21%         3    None
r - Repel Missiles        Chrm/Air       ####..       1%          2    None
v - Blink                 Tloc           N/A          12%         2    None
C - Mephitic Cloud        Conj/Pois/Air  ##......     21%         3    None
H - Haste                 Chrm           #####...     38%         6    ######.


Dungeon Overview and Level Annotations

Branches:
Dungeon (12/15)            Temple (1/1) D:4            Lair (8/8) D:8
 Shoals (0/4) Lair:5        Snake (0/4) Lair:5        Slime (0/6) Lair:7
    Orc (1/2) D:11

Altars:
Ashenzari
Cheibriados
Dithmenos
Elyvilon
Fedhas
Gozag
Kikubaaqudgha
Makhleb
Nemelex Xobeh
Okawaru
Pakellas
Qazlal
Ru
Sif Muna
Trog
Vehumet
Xom
Yredelemnul
Zin
The Shining One

Shops:
D:7 =   D:10 :   Orc:1 *   Lair:1 !

Annotations:
D:4 aves's ghost, amateur VSFi
D:8 Psyche


Innate Abilities, Weirdness & Mutations

You cannot wear most types of armour.
You are amphibious.
You can wear up to eight rings at the same time.
You can use your tentacles to constrict eight enemies at once.
Your skin changes colour to match your surroundings (Stealth).
Your rubbery body absorbs attacks (AC +1).
One of your tentacles bears a spike.
Scrolls take you a little longer to read.
You possess an exceptional clarity of mind.


Message History

* * * LOW HITPOINT WARNING * * *
The orc warrior no longer looks unusually strong.
Your air elemental closely misses the orc warlord.
Your air elemental hits the orc warlord!
The orc warlord is engulfed in roaring flames.
The orc warlord roars a battlecry!
The orc warrior goes into a battle-frenzy!
The orc warlord hits your air elemental with a glaive!!
Your air elemental hits the orc warlord but does no damage.
The orc priest no longer looks unusually strong.
Your air elemental barely misses the orc warlord.
Your air elemental hits the orc warlord but does no damage.
The orc warlord roars a battlecry!
The orcs go into a battle-frenzy!
The orc warrior hits you with a battleaxe!!
* * * LOW HITPOINT WARNING * * *
The orc priest invokes the aid of Beogh against you.
Beogh smites you!
You die...
Your body crumbles into a pile of gold.

#.o......#.....###
##..)....###......##
####.oo###....#.##....#
.#.#...#ยง#.#...........#
#.#...#.#.oEo....#.......#
...#.#...........#.......#
#..#.............#.......#
#............o..........##
##.............@.........)#
#...$.........><.........##
##..#...............#..#.##
#...##.......)..#.##....##
...#...................##
............).)......###
................#......##
#................#......#
##...................#.##


You could see an orc warlord, an orc warrior, an orc priest, an orc and a
friendly air elemental.

Vanquished Creatures
  The ghost of ayyllmao the Carver, a journeyman FoFi of Ru (Lair:4)
  Josephine (Lair:5)
  Erolcha (Orc:1)
  8 hydras
  A catoblepas (Lair:8)
  A death yak (Lair:8)
  Nergalle (D:10)
  Urug (Lair:1)
  A lindwurm (Lair:8)
  2 hill giants (D:11)
  3 griffons
  3 ugly things
  14 elephants
  6 black mambas
  Maurice (D:10)
  A torpor snail (Lair:8)
  23 spiny frogs
  The ghost of Gargoyl the Covered, a novice DsAK of Lugonu (Ossuary)
  2 rime drakes (Lair:8)
  9 komodo dragons
  A troll (Orc:1)
  A giant leech (Lair:8)
  8 polar bears (Lair:8)
  3 two-headed ogres
  A queen bee (Lair:3)
  2 boulder beetles (Lair:8)
  A slime creature (Lair:7)
  3 raiju (Lair:8)
  A snapping turtle (Lair:5)
  32 blink frogs
  Sigmund (D:2)
  A spriggan (D:7)
  4 wraiths (Lair:5)
  40 yaks
  2 basilisks
  2 hungry ghosts
  6 hippogriffs
  Menkaure (D:4)
  7 wargs (Lair:8)
  14 water moccasins
  9 porcupines
  5 hell hounds (Lair:8)
  4 orc warriors
  2 ice beasts (D:9)
  4 sky beasts
  11 ogres
  2 phantoms
  2 eyes of draining
  15 black bears
  18 wolves
  3 centaurs
  15 crocodiles
  2 big kobolds
  14 giant frogs
  5 water moccasin zombies (Ossuary)
  3 scorpions
  22 killer bees
  2 howler monkeys (D:7)
  6 crimson imps
  A quasit (D:6)
  2 giant frog zombies
  4 jellies
  2 centaur skeletons
  7 orc priests
  A giant frog skeleton (D:9)
  21 hounds
  11 orc wizards
  Terence (D:2)
  7 iguanas
  7 worker ants
  8 sheep (Lair:5)
  A big kobold zombie (Ossuary)
  2 hound zombies
  3 mummies
  8 gnolls
  68 river rats
  13 adders
  4 oozes
  8 adder zombies
  2 worms
  A dart slug (D:2)
  7 giant geckos
  39 orcs
  6 giant cockroaches
  4 gnoll zombies
  4 goblins
  7 hobgoblins
  33 jackals
  3 quokkas
  A ball python (D:3)
  A ball python skeleton (D:4)
  6 bats
  4 giant newts (D:1)
  4 hobgoblin zombies (Ossuary)
  15 kobolds
  7 kobold zombies (Ossuary)
  5 orc zombies (Ossuary)
  2 quokka skeletons
  4 rats
  21 plants (Lair:4)
711 creatures vanquished.

Vanquished Creatures (collateral kills)
  2 elephants (Lair:8)
  A torpor snail (Lair:8)
  A water moccasin (Lair:8)
  A crocodile (Lair:8)
  A giant frog (Lair:8)
  4 killer bees (Lair:3)
  6 river rats (Lair:8)
16 creatures vanquished.

Vanquished Creatures (others)
  A torpor snail (Lair:7)
  5 yaks
  A wolf (Lair:7)
  A giant frog (Lair:7)
  A killer bee (Lair:3)
  11 fungi
  19 plants
39 creatures vanquished.

Grand Total: 766 creatures vanquished

Notes
Turn   | Place    | Note
--------------------------------------------------------------
     0 | D:1      | Iskender the Octopode Wanderer began the quest for the Orb.
     0 | D:1      | Iskender set off with: a wand of flame (15/48), a +0 shortbow, 20 arrows, a potion of lignification, a bread ration
     0 | D:1      | Reached XP level 1. HP: 14/14 MP: 1/1
   327 | D:1      | Reached XP level 2. HP: 19/19 MP: 2/2
   682 | D:1      | Reached XP level 3. HP: 20/24 MP: 3/3
  1052 | D:2      | Noticed Sigmund
  1137 | D:1      | Reached XP level 4. HP: 25/29 MP: 4/4
  1266 | D:2      | Noticed Terence
  1673 | D:3      | Found an iron altar of Okawaru.
  1678 | D:3      | Found a shadowy altar of Dithmenos.
  1682 | D:3      | Found a deep blue altar of Sif Muna.
  2631 | D:3      | Reached XP level 5. HP: 32/34 MP: 5/5
  2654 | D:4      | Noticed an ogre
  2709 | D:4      | Reached skill level 1 in Maces & Flails
  2894 | D:4      | Noticed Menkaure
  2905 | D:4      | Killed Menkaure
  2905 | D:4      | Reached XP level 6. HP: 30/39 MP: 6/6
  3035 | D:4      | Reached skill level 5 in Maces & Flails
  3035 | D:4      | Reached XP level 7. HP: 20/45 MP: 7/7
  3081 | D:4      | Noticed aves's ghost (amateur VSFi)
  3136 | D:4      | Found a staircase to the Ecumenical Temple.
  3145 | Temple   | Entered the Ecumenical Temple
  3214 | Temple   | Became a worshipper of Gozag Ym Sagoz the Greedy
  3380 | D:5      | Entered Level 5 of the Dungeon
  3455 | D:4      | Found a sacrificial altar of Ru.
  3599 | D:4      | Gained mutation: You possess an exceptional clarity of mind. [potion of mutation]
  3599 | D:4      | Gained mutation: Scrolls take you a little longer to read. [potion of mutation]
  3599 | D:4      | Gained mutation: One of your tentacles bears a spike. [potion of mutation]
  4242 | D:5      | Reached skill level 5 in Stealth
  4456 | D:6      | Reached XP level 8. HP: 45/50 MP: 8/8
  4790 | D:6      | Reached skill level 3 in Dodging
  5042 | D:6      | Reached skill level 4 in Dodging
  5438 | D:7      | Found an iron altar of Okawaru.
  5473 | D:7      | Reached XP level 9. HP: 49/54 MP: 9/9
  5496 | D:7      | Found a sand-covered staircase.
  5549 | Ossuary  | Entered an ossuary
  5571 | Ossuary  | Noticed Gargoyl's ghost (novice DsAK)
  5584 | Ossuary  | Killed Gargoyl's ghost
  5939 | Ossuary  | Reached skill level 10 in Maces & Flails
  6439 | D:7      | Found a shimmering altar of Xom.
  6441 | D:7      | Got a twitching tin ring
  6443 | D:7      | Identified the ring "Alebaquo" {Int+2 Dex+2 Stlth+} (You found it on level 7 of the Dungeon)
  6549 | D:7      | Found a glowing silver altar of Zin.
  6603 | D:7      | You fall through a shaft!
  7094 | D:8      | Reached XP level 10. HP: 54/60 MP: 10/10
  7248 | D:7      | Bought the amulet "Eqeymeu" {Faith Int+3} for 586 gold pieces
  7347 | D:8      | Reached skill level 5 in Dodging
  7792 | D:8      | Noticed Psyche
  7926 | D:8      | Found a staircase to the Lair.
  8117 | Lair:1   | Entered Level 1 of the Lair of Beasts
  8288 | Lair:1   | Noticed Urug
  9261 | D:2      | Killed Terence
  9314 | D:2      | Killed Sigmund
  9586 | D:9      | Reached skill level 6 in Dodging
  9897 | D:9      | Found a blossoming altar of Fedhas.
  9967 | D:9      | Reached skill level 7 in Dodging
 10082 | D:9      | Found a basalt altar of Yredelemnul.
 10218 | D:9      | Reached skill level 8 in Dodging
 10235 | D:9      | Reached XP level 11. HP: 28/64 MP: 11/11
 10291 | D:9      | Reached skill level 9 in Dodging
 10310 | D:9      | Found a bloodstained altar of Trog.
 10411 | D:10     | Entered Level 10 of the Dungeon
 10559 | D:10     | Noticed Maurice
 10570 | D:10     | Killed Maurice
 10592 | D:10     | Noticed a cyan ugly thing
 11230 | D:10     | Bought a book of Minor Magic for 320 gold pieces
 11234 | D:10     | Learned a level 2 spell: Blink
 11237 | D:10     | Learned a level 2 spell: Call Imp
 11240 | D:10     | Learned a level 2 spell: Repel Missiles
 11245 | D:10     | Learned a level 3 spell: Conjure Flame
 11264 | D:10     | Got a slimy great sword
 11265 | D:10     | Identified the cursed +2 great sword of Cataclysm {flame, MR+ Dex+4} (You found it on level 10 of the Dungeon)
 11276 | D:10     | Got a smoking rapier
 11277 | D:10     | Identified the +9 rapier of the Lame Duck {drain, *Noise rElec rPois rC++ Str-3} (You found it on level 10 of the Dungeon)
 11376 | D:10     | Reached skill level 1 in Spellcasting
 11416 | D:10     | Noticed Nergalle
 11490 | D:11     | Found a staircase to the Orcish Mines.
 11638 | D:11     | Noticed a brown ugly thing
 11649 | D:11     | Killed a brown ugly thing
 11682 | D:11     | Noticed a cyan ugly thing
 11692 | D:11     | Killed a cyan ugly thing
 11699 | D:11     | Learned a level 3 spell: Mephitic Cloud
 11963 | D:11     | Noticed a hill giant
 12201 | D:11     | Noticed a hill giant
 12252 | D:11     | Killed a hill giant
 12387 | D:11     | Killed a hill giant
 12387 | D:11     | Reached skill level 5 in Spellcasting
 12488 | D:12     | Noticed a brown ugly thing
 12693 | D:12     | Noticed a centaur warrior
 13096 | Lair:1   | Reached skill level 10 in Stealth
 13605 | Lair:2   | Reached XP level 12. HP: 70/70 MP: 14/21
 14245 | Lair:3   | Reached skill level 10 in Dodging
 15521 | Lair:4   | Noticed ayyllmao's ghost (journeyman FoFi)
 15723 | Lair:4   | Reached skill level 1 in Shields
 16897 | Lair:4   | Killed ayyllmao's ghost
 16897 | Lair:4   | Reached skill level 11 in Dodging
 16952 | Lair:4   | Noticed a four-headed hydra
 16961 | Lair:4   | Killed a four-headed hydra
 16961 | Lair:4   | Reached XP level 13. HP: 76/79 MP: 25/25
 17699 | Lair:4   | Reached skill level 12 in Dodging
 18011 | Lair:5   | Reached skill level 1 in Charms
 18136 | Lair:5   | Found a staircase to the Snake Pit.
 18222 | Lair:5   | Reached skill level 5 in Fighting
 18448 | Lair:5   | Noticed Josephine
 18541 | Lair:5   | Killed Josephine
 18634 | Lair:5   | Got an iridescent blowgun
 18637 | Lair:5   | Identified the +7 blowgun "Yles" {evade, +Blink rElec MP+9} (You found it on level 5 of the Lair of Beasts)
 18824 | Lair:5   | Found a staircase to the Shoals.
 19104 | Lair:6   | Identified a scroll of acquirement
 19236 | Lair:6   | Found a dark tunnel.
 20149 | Lair:7   | Found a staircase to the Slime Pits.
 20815 | Lair:8   | Entered Level 8 of the Lair of Beasts
 21022 | Lair:8   | Reached XP level 14. HP: 88/95 MP: 26/26
 21194 | Lair:8   | Reached skill level 13 in Dodging
 21250 | Lair:8   | Learned a level 6 spell: Haste
 21752 | Lair:8   | Reached skill level 14 in Dodging
 22166 | Lair:8   | Reached skill level 5 in Charms
 22685 | Lair:8   | Identified the Almanac of Infinity
 23234 | Lair:8   | Reached skill level 10 in Spellcasting
 23735 | Lair:1   | Killed Urug
 23735 | Lair:1   | Reached XP level 15. HP: 100/100 MP: 29/29
 24080 | Lair:1   | Bought a potion of might for 56 gold pieces
 24080 | Lair:1   | Bought a potion of might for 56 gold pieces
 24341 | D:10     | Killed Nergalle
 24510 | Orc:1    | Entered Level 1 of the Orcish Mines
 24523 | Orc:1    | Found Ygih Qoxt's Assorted Antiques.
 24577 | Orc:1    | Bought a fuming inky potion for 15 gold pieces
 24648 | Orc:1    | Noticed Erolcha
 24662 | Orc:1    | Killed Erolcha
 24689 | Orc:1    | Noticed an orc warlord
 24722 | Orc:1    | Killed from afar by an orc priest

Skill      XL: |  1  2  3  4  5  6  7  8  9 10 11 12 13 14 15 |
---------------+----------------------------------------------+-----
Stealth        | 3 4 6 9 11 | 11.3
Bows           | 4 |  4.2
Maces & Flails | 4 5 6 8 11 12 | 12.0
Dodging        | 4 8 9 11 12 14 | 14.3
Spellcasting   | 6 8 10 | 10.0
Fighting       | 4 8 |  8.7
Shields        | 4 |  4.6
Charms         | 4 7 8 |  8.0
Slings         | |  0.8
Throwing       | |  1.0
Evocations     | |  1.1

Action                   |  1- 3 |  4- 6 |  7- 9 | 10-12 | 13-15 || total
-------------------------+-------+-------+-------+-------+-------++-------
Melee: Dagger            |     5 |       |       |       |       ||     5
       Short sword       |    65 |    27 |       |       |       ||    92
       Constrict         |    17 |    11 |    45 |   111 |   142 ||   326
       Tentacles         |     7 |    10 |    49 |   165 |   390 ||   621
       Whip              |       |    27 |   269 |   653 |  1144 ||  2093
       Kick              |       |       |    56 |   280 |   557 ||   893
       Rapier            |       |       |       |     3 |     7 ||    10
 Fire: Shortbow          |     8 |    57 |    48 |   378 |       ||   491
       Blowgun           |       |       |       |     4 |     4 ||     8
       Hunting sling     |       |       |       |    42 |   119 ||   161
Throw: Javelin           |       |       |     3 |    11 |     3 ||    17
       Stone             |       |       |     3 |     2 |    25 ||    30
 Cast: Conjure Flame     |       |       |       |    40 |    83 ||   123
       Mephitic Cloud    |       |       |       |    21 |    48 ||    69
       Repel Missiles    |       |       |       |     1 |       ||     1
       Blink             |       |       |       |    12 |     9 ||    21
Invok: Call Merchant     |       |       |     1 |     1 |     1 ||     3
Evoke: Wand              |       |     6 |    18 |    23 |     7 ||    54
       Phial of floods   |       |       |       |       |     1 ||     1
       Fan of gales      |       |       |       |       |     1 ||     1
  Use: Potion            |     1 |       |    10 |     6 |    10 ||    27
       Scroll            |       |     6 |    10 |    15 |     7 ||    38
 Stab: Sleeping          |     8 |     4 |    15 |    33 |    14 ||    74
       Invisible         |       |       |     1 |       |       ||     1
       Distracted        |       |       |     3 |     4 |    13 ||    20
       Confused          |       |       |       |     7 |    54 ||    61
  Eat: Chunk             |     1 |     5 |     1 |       |       ||     7
       Pizza             |       |       |     3 |     2 |     1 ||     6
       Fruit             |       |       |     1 |    10 |     6 ||    17
       Bread ration      |       |       |     2 |       |       ||     2
       Beef jerky        |       |       |     1 |     1 |     1 ||     3
       Meat ration       |       |       |       |     2 |       ||     2
       Royal jelly       |       |       |       |     7 |     7 ||    14
Armor: Skin              |    11 |     2 |    17 |    17 |     1 ||    48
Dodge: Dodged            |    33 |    27 |    94 |   235 |   423 ||   812
       Deflected         |       |       |       |       |     2 ||     2
Block: Buckler           |       |       |       |    12 |   164 ||   176
